 Dungeon Crawl Stone Soup version 0.21.0-3-g78d12a8 (webtiles) character file.

37998 Leibowitz the Unseen (level 13, -2/65 HPs)
             Began as a Spriggan Gladiator on Jan 8, 2018.
             Was a High Priest of Sif Muna.
             Killed from afar by an ogre mage (24 damage)
             ... with a crystal spear
             ... on level 13 of the Dungeon.
             The game lasted 01:31:16 (24380 turns).

Leibowitz the Unseen (Spriggan Gladiator)          Turns: 24380, Time: 01:31:17

Health: -2/65      AC:  4    Str: 10    XL:     13   Next: 61%
Magic:  28/28      EV: 34    Int: 14    God:    Sif Muna [*****.]
Gold:   1190       SH:  0    Dex: 23    Spells: 30/33 levels left

rFire    . . .     SeeInvis +   K - +2 short sword (elec)
rCold    + . .     Gourm    .   (shield restricted)
rNeg     + + .     Faith    .   B - +1 robe {rC+}
rPois    .         Spirit   .   c - +0 hat
rElec    +         Reflect  .   v - +0 cloak
rCorr    +         Harm     .   (gloves unavailable)
MR       ++...                  (boots unavailable)
Stlth    +++++++...             n - amulet of magic regeneration
HPRegen  0.20/turn              s - ring "Xytac" {rElec rN++ Dex+5}
MPRegen  0.46/turn              y - ring of resist corrosion

@: very slightly contaminated, invisible, very quick
A: very small, unfitting armour, see invisible, herbivore, speed 3, slow
metabolism 2
a: Divine Energy, Channel Magic, Forget Spell, Renounce Religion


You were on level 13 of the Dungeon.
You worshipped Sif Muna.
Sif Muna was extremely pleased with you.
You were hungry.

You visited 6 branches of the dungeon, and saw 23 of its levels.
You also visited: Volcano.

You collected 1190 gold pieces.

Inventory:

Hand Weapons
 a - a +3 dagger of venom
 K - a +2 short sword of electrocution (weapon)
Missiles
 i - 2 curare-tipped needles
 H - 47 poisoned needles
Armour
 c - a +0 hat (worn)
 v - a +0 cloak (worn)
 B - a +1 robe of cold resistance (worn)
 J - a +1 robe of magic resistance
Jewellery
 j - an uncursed amulet of guardian spirit
 n - an amulet of magic regeneration (around neck)
 r - a +3 ring of evasion
 s - the ring "Xytac" (left hand) {rElec rN++ Dex+5}
   (You found it on level 3 of the Lair of Beasts)

   [ring of dexterity]

   It affects your dexterity (+5).
   It insulates you from electricity.
   It greatly protects you from negative energy.
 y - a ring of resist corrosion (right hand)
 N - an uncursed ring of teleportation
Wands
 t - a wand of polymorph (46)
 u - a wand of clouds (4)
 A - a wand of iceblast (7)
 E - a wand of acid (6)
 L - a wand of paralysis (5)
 M - a wand of enslavement (14)
Scrolls
 e - 3 scrolls of teleportation
 h - 6 scrolls of identify
 k - 7 scrolls of remove curse
 m - 5 scrolls of amnesia
 q - 3 scrolls of enchant armour
 D - 3 scrolls of enchant weapon
Potions
 g - 7 potions of curing
 l - a potion of lignification
 o - 5 potions of agility
 p - 3 potions of haste
 w - a potion of cancellation
 x - a potion of invisibility
 C - 4 potions of brilliance
 F - 2 potions of ambrosia
 G - 2 potions of magic
Books
 b - a book of Callings

   Spells                             Type                      Level
   a - Summon Small Mammal            Summoning                    1
   b - Call Imp                       Summoning                    2
   c - Call Canine Familiar           Summoning                    3
   d - Summon Guardian Golem          Hexes/Summoning              3
   e - Summon Lightning Spire         Summoning/Air                4
   f - Summon Ice Beast               Ice/Summoning                4
 d - An Early Guide to Witchery
   (You found it on level 6 of the Lair of Beasts)

   Spells                             Type                      Level
   a - Regeneration                   Charms/Necromancy            3
   b - Ozocubu's Armour               Charms/Ice                   3
   c - Inner Flame                    Hexes/Fire                   3
   d - Summon Guardian Golem          Hexes/Summoning              3
   e - Portal Projectile              Hexes/Translocation          3
 z - the Guide on Helpful Air
   (You found it on level 6 of the Lair of Beasts)

   Spells                             Type                      Level
   a - Song of Slaying                Charms                       2
   b - Airstrike                      Air                          4
   c - Silence                        Hexes/Air                    5
   d - Tornado                        Air                          9
 I - a book of Conjurations

   Spells                             Type                      Level
   a - Magic Dart                     Conjuration                  1
   b - Searing Ray                    Conjuration                  2
   c - Dazzling Spray                 Conjuration/Hexes            3
   d - Fulminant Prism                Conjuration/Hexes            4
   e - Force Lance                    Conjuration/Translocation    4
   f - Iskenderun's Mystic Blast      Conjuration                  4
 O - Sif Muna's Catalogue of Boosting Transmigration
   (Sif Muna gifted it to you on level 13 of the Dungeon)

   Spells                             Type                      Level
   a - Swiftness                      Charms/Air                   2
   b - Irradiate                      Conjuration/Transmutation    5
   c - Iskenderun's Battlesphere      Conjuration/Charms           5
   d - Deflect Missiles               Charms/Air                   6
   e - Death's Door                   Charms/Necromancy            8
Comestibles
 f - 19 rations


   Skills:
 + Level 5.8 Fighting
 + Level 10.8 Short Blades
   Level 0.1(5.1) Long Blades
 + Level 2.9 Throwing
 * Level 16.2 Dodging
 + Level 16.3 Stealth
 * Level 10.8 Spellcasting
 + Level 3.6 Conjurations
 * Level 9.2 Hexes


You had 30 spell levels left.
You knew the following spells:

 Your Spells              Type           Power        Failure   Level  Hunger
a - Dazzling Spray        Conj/Hex       ####..       1%          3    None


Dungeon Overview and Level Annotations

Branches:
Dungeon (13/15)            Temple (1/1) D:5            Lair (6/6) D:10
  Swamp (1/4) Lair:3        Snake (0/4) Lair:2        Slime (1/5) Lair:5
    Orc (1/2) D:10
 Vaults: D:13-14

Altars:
Ashenzari
Cheibriados
Dithmenos
Elyvilon
Fedhas
Gozag
Hepliaklqana
Kikubaaqudgha
Makhleb
Nemelex Xobeh
Okawaru
Qazlal
Ru
Sif Muna
Trog
Uskayaw
Vehumet
Wu Jian
Xom
Yredelemnul
Zin
The Shining One
Beogh

Shops:
D:10 [

Portals:
Trove: D:10 (show slimy rune of Zot)

Annotations:
D:5 othur's ghost, novice MiFi
D:13 MTVSty1e's ghost, journeyman DrFi
Lair:6 Ignatius881's ghost, journeyman MiBe


Innate Abilities, Weirdness & Mutations

You are very small and have problems with some larger weapons.
You are too small for most types of armour.
You have supernaturally acute eyesight. (SInv)
You are a herbivore.
You cover ground extremely quickly.
You need consume almost no food.


Message History

A yaktaur comes into view.
A centaur warrior skeleton comes into view.
A yaktaur and an ogre come into view.
A skeletal warrior comes into view.
It is wielding a dire flail of crushing.
The ogre moves out of view.
Found a ration.
An ogre mage comes into view. It is wielding a whip.
You hit the ogre mage.
The ogre mage is lightly wounded.
The ogre mage hits you with a whip.
You strike the helpless ogre from behind!
You perforate the ogre like a sieve!!!
You kill the ogre!
Sif Muna accepts your kill.
You see here a giant club.
You see here a ration.
f - 19 rations (gained 1)
The ogre mage casts a spell at you. The crystal spear hits you!
You die...

...####..........# #
#.......##......#
#....###..###......#
.....##.(####.......#
#..)..............#
###..##.##.######..
#.. #.)#. #. ###
#))####### #O†#..O.@#
#OO##.#).# #.W#.#.#.#
.##.#..#.##..#
#.c.c......#.#
###.#..#.#####
..........
..............
####.#..#.#####


You could see an ogre mage.

Vanquished Creatures
  A hydra (Lair:3)
  A two-headed ogre (D:12)
  Nergalle (D:12)
  2 unseen horrors
  A lindwurm (Lair:5)
  Pikel (D:7)
  2 orc sorcerers (Orc:1)
  A cyclops (Orc:1)
  4 elephants (Lair:6)
  Maurice (D:8)
  A molten gargoyle (Volcano)
  Psyche (D:10)
  A gargoyle (D:12)
  15 spiny frogs
  4 rime drakes
  8 komodo dragons
  A troll (D:10)
  A polar bear (Lair:2)
  A tyrant leech (Lair:3)
  A queen bee (Lair:3)
  13 blink frogs
  3 slime creatures (Slime:1)
  4 hippogriffs
  4 dream sheep (Lair:3)
  Sigmund (D:4)
  32 yaks
  A spriggan (D:7)
  2 wyverns (Lair:3)
  Eustachio (D:4)
  5 basilisks
  A hungry ghost (D:8)
  4 vampire mosquitoes (Lair:6)
  3 nagas (Lair:2)
  7 water moccasins
  Duvessa (D:5)
  6 porcupines
  9 orc warriors
  2 sky beasts
  4 ice beasts
  2 phantoms
  8 centaurs
  7 wolves
  6 ogres
  16 crocodiles
  2 earth elementals (Volcano)
  23 bullfrogs
  Dowan (D:5)
  30 killer bees
  6 scorpions
  2 wights (D:11)
  3 howler monkeys (D:9)
  4 crimson imps
  8 hounds
  2 quasits
  2 jellies
  Crazy Yiuf (D:4)
  4 orc priests
  3 bullfrog skeletons
  2 centaur skeletons
  Natasha (thrice) (D:3)
  7 iguanas
  An orc wizard (D:3)
  3 worker ants
  A hound zombie (D:9)
  A worker ant zombie (D:10)
  9 gnolls
  2 howler monkey skeletons
  13 adders
  3 shadow imps
  2 oozes
  2 worms
  4 dart slugs
  5 leopard geckos
  38 orcs
  3 ball pythons
  8 giant cockroaches
  6 goblins
  5 hobgoblins
  8 jackals
  9 kobolds
  6 quokkas
  7 bats
  5 frilled lizards
  A quokka skeleton (D:4)
  8 rats
  A bush (D:4)
  A fire vortex (Volcano)
  A fungus (D:4)
447 creatures vanquished.

Vanquished Creatures (others)
  21 fungi
  53 plants
74 creatures vanquished.

Grand Total: 521 creatures vanquished

Notes
Turn   | Place    | Note
-------+----------+-------------------------------------------
     0 | D:1      | Leibowitz the Spriggan Gladiator began the quest for the Orb.
     0 | D:1      | Reached XP level 1. HP: 10/10 MP: 2/2
   108 | D:1      | Reached XP level 2. HP: 14/14 MP: 3/3
   190 | D:1      | Reached skill level 5 in Dodging
   242 | D:1      | Reached skill level 1 in Stealth
   284 | D:1      | Reached XP level 3. HP: 15/18 MP: 4/4
  1230 | D:2      | Reached XP level 4. HP: 23/23 MP: 5/5
  1394 | D:3      | Found a hazy altar of Hepliaklqana.
  1624 | D:3      | Noticed Natasha
  1637 | D:3      | Killed Natasha
  1637 | D:3      | Reached XP level 5. HP: 2/26 MP: 6/6
  2084 | D:3      | Noticed Natasha
  2099 | D:3      | Killed Natasha
  2439 | D:3      | Noticed Natasha
  2521 | D:3      | Killed Natasha
  2521 | D:3      | Reached skill level 5 in Short Blades
  2814 | D:4      | Noticed Sigmund
  2820 | D:4      | Killed Sigmund
  2820 | D:4      | Reached XP level 6. HP: 30/30 MP: 7/7
  2827 | D:4      | Reached skill level 5 in Stealth
  2840 | D:4      | Noticed Eustachio
  2842 | D:4      | Killed Eustachio
  2842 | D:4      | Reached XP level 7. HP: 35/35 MP: 8/8
  2866 | D:4      | Found a stormy altar of Qazlal.
  2866 | D:4      | Found a shadowy altar of Dithmenos.
  3265 | D:4      | Found a stormy altar of Qazlal.
  3563 | D:4      | Found a runed door.
  3567 | D:4      | Noticed Crazy Yiuf
  3571 | D:4      | Killed Crazy Yiuf
  3616 | D:5      | Entered Level 5 of the Dungeon
  3714 | D:5      | Noticed Duvessa
  3718 | D:5      | Noticed Dowan
  3896 | D:5      | Killed Dowan
  3907 | D:5      | Killed Duvessa
  4158 | D:5      | Reached XP level 8. HP: 39/39 MP: 9/9
  4168 | D:5      | Found a glowing golden altar of the Shining One.
  4734 | D:5      | Found a staircase to the Ecumenical Temple.
  4743 | Temple   | Entered the Ecumenical Temple
  4890 | Temple   | Became a worshipper of Sif Muna the Loreminder
  5080 | D:5      | Noticed othur's ghost (novice MiFi)
  5877 | D:7      | Found a sacrificial altar of Ru.
  6255 | D:7      | Reached XP level 9. HP: 24/44 MP: 10/10
  6429 | D:7      | Learned a level 1 spell: Magic Dart
  6634 | D:6      | Reached skill level 1 in Spellcasting
  6812 | D:7      | Reached skill level 10 in Stealth
  6837 | D:7      | Noticed Pikel
  6907 | D:7      | Killed Pikel
  6907 | D:7      | Reached skill level 10 in Dodging
  6926 | D:7      | Learned a level 3 spell: Dazzling Spray
  6986 | D:7      | Reached skill level 1 in Conjurations
  7014 | D:7      | Reached skill level 1 in Hexes
  7057 | D:7      | Reached * piety under Sif Muna
  7388 | D:8      | Learned a level 3 spell: Dazzling Spray
  7847 | D:8      | Noticed Maurice
  7861 | D:8      | Killed Maurice
  7947 | D:9      | Found a shattered altar of Ashenzari.
  7979 | D:9      | Found a shimmering altar of Xom.
  7983 | D:9      | Reached skill level 5 in Spellcasting
  8042 | D:9      | Reached XP level 10. HP: 38/49 MP: 14/18
  9009 | D:9      | Found an iron altar of Okawaru.
  9316 | D:10     | Entered Level 10 of the Dungeon
  9316 | D:10     | Found a staircase to the Lair.
  9381 | D:10     | Noticed Psyche
  9388 | D:10     | Killed Psyche
  9893 | D:10     | Found a portal to a secret trove of treasure.
  9930 | D:10     | Found Unit's Antique Armour Emporium.
 10125 | D:10     | Found a roughly hewn altar of Beogh.
 10125 | D:10     | Found a staircase to the Orcish Mines.
 10389 | D:10     | HP: 2/49 [orc priest/divine providence (11)]
 10904 | D:10     | Reached ** piety under Sif Muna
 11724 | D:11     | Noticed an unseen horror
 11764 | D:11     | Killed an unseen horror
 11764 | D:11     | Reached XP level 11. HP: 50/53 MP: 22/22
 11895 | D:12     | Found a bloodstained altar of Trog.
 11895 | D:12     | Noticed Nergalle
 11904 | D:12     | Noticed a spectral orc warlord
 12008 | Lair:1   | Entered Level 1 of the Lair of Beasts
 12033 | Lair:1   | Reached skill level 5 in Hexes
 13519 | Lair:2   | Found a staircase to the Snake Pit.
 13980 | Lair:2   | Reached *** piety under Sif Muna
 15428 | Lair:3   | HP: 1/54 [rime drake/flash freeze (10)]
 16220 | Lair:3   | Found a staircase to the Swamp.
 16223 | Lair:3   | Reached skill level 10 in Short Blades
 16227 | Swamp:1  | Entered Level 1 of the Swamp
 16697 | Lair:3   | Reached XP level 12. HP: 27/59 MP: 25/25
 17244 | Lair:3   | Got an ancient lapis lazuli ring
 17246 | Lair:3   | Identified the ring "Xytac" {rElec rN++ Dex+5} (You found it on level 3 of the Lair of Beasts)
 17598 | Lair:4   | Noticed a four-headed hydra
 17782 | Lair:3   | Reached skill level 5 in Fighting
 17788 | Lair:3   | Reached **** piety under Sif Muna
 18108 | Lair:3   | Killed a four-headed hydra
 18800 | Lair:4   | HP: 2/60 [rime drake/flash freeze (28)]
 19802 | Lair:5   | Got a silken robe
 19831 | Lair:5   | Identified the cursed +0 robe "Hekualiwn" {*Drain rF+ Stlth+} (You found it on level 5 of the Lair of Beasts)
 20062 | Lair:5   | Found a dark tunnel.
 20107 | Volcano  | Entered a volcano
 20744 | Lair:5   | Found a staircase to the Slime Pits.
 20754 | Slime:1  | Entered Level 1 of the Pits of Slime
 20759 | Slime:1  | Reached skill level 15 in Dodging
 21452 | Lair:6   | Entered Level 6 of the Lair of Beasts
 21454 | Lair:6   | Reached skill level 15 in Stealth
 21457 | Lair:6   | Reached skill level 10 in Spellcasting
 21471 | Lair:6   | Identified An Early Guide to Witchery
 21706 | Lair:6   | Reached XP level 13. HP: 33/64 MP: 28/28
 22415 | Lair:6   | Reached ***** piety under Sif Muna
 22839 | Lair:6   | Noticed Ignatius881's ghost (journeyman MiBe)
 22942 | Lair:6   | Identified the Guide on Helpful Air
 23191 | Orc:1    | Entered Level 1 of the Orcish Mines
 23902 | D:12     | Got a bloodstained long sword
 23903 | D:12     | Identified the cursed +1 long sword of the Puffin {slice, Fragile +Inv rN+ Dex+3} (You found it on level 12 of the Dungeon)
 24148 | D:12     | Killed Nergalle
 24327 | D:13     | Noticed MTVSty1e's ghost (journeyman DrFi)
 24356 | D:13     | Identified Sif Muna's Catalogue of Boosting Transmigration (Sif Muna gifted it to you on level 13 of the Dungeon)
 24356 | D:13     | Received a gift from Sif Muna
 24380 | D:13     | Killed from afar by an ogre mage

Skill      XL: |  1  2  3  4  5  6  7  8  9 10 11 12 13 |
---------------+----------------------------------------+-----
Dodging        | 5 6 7 8 9 10 12 13 15 16 | 16.2
Stealth        | 1 3 4 5 7 9 10 11 13 15 16 | 16.3
Short Blades   | 4 5 6 8 9 10 | 10.8
Fighting       | 2 3 4 5 |  5.8
Spellcasting   | 5 7 8 10 | 10.8
Conjurations   | 1 2 3 |  3.6
Hexes          | 2 4 6 8 9 |  9.2
Long Blades    | |  0.1
Throwing       | |  2.9

Action                   |  1- 3 |  4- 6 |  7- 9 | 10-12 | 13-15 || total
-------------------------+-------+-------+-------+-------+-------++-------
Melee: Rapier            |    75 |       |       |       |       ||    75
       Dagger            |    35 |    81 |   493 |  1189 |   366 ||  2164
       Short sword       |       |       |       |     9 |    51 ||    60
       Long sword        |       |       |       |       |    21 ||    21
Throw: Throwing net      |     2 |       |     3 |     1 |       ||     6
 Cast: Magic Dart        |       |       |    22 |       |       ||    22
       Dazzling Spray    |       |       |     9 |   114 |    25 ||   148
Evoke: Wand              |       |       |       |     1 |       ||     1
  Use: Scroll            |       |       |    11 |    12 |     2 ||    25
       Potion            |       |       |       |    13 |     1 ||    14
 Stab: Sleeping          |     6 |     7 |    16 |    49 |     8 ||    86
       Held in net/web   |     1 |       |     1 |     1 |       ||     3
       Distracted        |       |       |     2 |    11 |     7 ||    20
       Paralysed         |       |       |     1 |       |       ||     1
       Invisible         |       |       |     1 |    43 |    11 ||    55
  Eat: Ration            |       |       |     4 |    12 |     1 ||    17
Armor: Robe              |     5 |     2 |    12 |    28 |    10 ||    57
Dodge: Dodged            |    72 |    38 |   249 |   895 |   278 ||  1532
       Rpst.: Long sword |       |       |       |       |     7 ||     7
